 Dungeon Crawl Stone Soup version bcrawl-1.39.1 (webtiles) character file.

Game seed: 9590527284652746395

515921 Grijm the Alchemist (level 17, -5/139 HPs)
             Began as a High Elf Wanderer on Sept 9, 2023.
             Was a Priest of Ashenzari.
             Shot with a bolt by a naga sharpshooter (8 damage)
             ... on level 3 of the Snake Pit on Sept 10, 2023.
             The game lasted 03:18:16 (31515 turns).

Grijm the Alchemist (High Elf Wanderer)            Turns: 31515, Time: 03:18:17

Health: -5/139     AC: 18    Str: 12    XL:     17   Next: 46%
Magic:  0/44       EV: 18    Int: 26    God:    Ashenzari [***...]
Gold:   968        SH:  9    Dex: 22    Spells: 4/42 levels left

rFire    + + +     GDR:     40% D - +8 dagger (venom) (curse)
rCold    + . .     SeeInvis +   G - +0 buckler "Xuisedide" {rElec rC+} (curse)
rNeg     . . .     Gourm    .   L - +3 leather armour {rPois}
rPois    .         Faith    .   M - +2 helmet {SInv}
rElec    +         Spirit   .   v - scarf {rC+ rF+} (curse)
rCorr    .         Reflect  +   Z - +2 pair of gloves of the Okapi {+Inv rF+ Dex+4} (curse)
MR       ++...                  Y - +2 pair of boots of the Assassin {Detection Stab+ Stlth++} (curse)
Stlth    +++++.....             r - +4 amulet of reflection
HPRegen  0.33/turn              E - ring "Keadonwo" {Fire MR+ Str+2 Dex-3}
MPRegen  0.29/turn              h - ring of magical power

@: lethally poisoned (-5 -> -12), poison vulnerable, lightly drained
A: obsessive focus, MP-powered wands
a: Curse Item, Scrying, Renounce Religion, Evoke Invisibility


You were on level 3 of the Snake Pit.
You worshipped Ashenzari.
Ashenzari was most pleased with you.
You were not hungry.

You visited 4 branches of the dungeon, and saw 22 of its levels.

You collected 3425 gold pieces.
You spent 2457 gold pieces at shops.

Inventory:

Hand Weapons
 D - a cursed +8 dagger of venom (weapon)
Missiles
 t - 6547 arrows
 R - 159 poisoned tomahawks (quivered)
Armour
 v - a cursed scarf of resistance (worn)
 G - the cursed +0 buckler "Xuisedide" (worn) {rElec rC+}
   (You bought it in a shop in the Orcish Mines)

   It protects you from cold.
   It insulates you from electricity.
   It has a curse placed upon it.
 L - a +3 leather armour of poison resistance (worn)
 M - a +2 helmet of see invisible (worn)
 Y - the cursed +2 pair of boots of the Assassin (worn) {Detection Stab+ Stlth++}
   (You bought it in a shop in the Orcish Mines)

   It makes you much more stealthy.
   It has a curse placed upon it.
 Z - the cursed +2 pair of gloves of the Okapi (worn) {+Inv rF+ Dex+4}
   (You bought it in a shop in the Orcish Mines)

   It affects your dexterity (+4).
   It protects you from fire.
   It lets you turn invisible.
   It has a curse placed upon it.
Jewellery
 h - a ring of magical power (right hand)
 r - a +4 amulet of reflection (around neck)
 u - an uncursed ring of positive energy
 E - the ring "Keadonwo" (left hand) {Fire MR+ Str+2 Dex-3}
   (You bought it in a shop in the Orcish Mines)

   [ring of fire]

   It enhances your fire magic.
   It affects your strength (+2).
   It affects your dexterity (-3).
   It protects you from fire.
   It makes you vulnerable to cold.
   It affects your resistance to hostile enchantments.
 X - an uncursed ring of resist corrosion
Wands
 w - a wand of polymorph (30)
 y - a wand of iceblast (24)
 A - a wand of charming (25)
 B - a wand of disintegration (11)
 H - a wand of acid (7)
 S - a wand of digging (4)
 U - a wand of flame (59)
 V - a wand of paralysis (32)
Scrolls
 c - 7 scrolls of teleportation
 f - 3 scrolls of immolation
 j - 6 scrolls of remove curse
 k - a scroll of noise
 z - 2 scrolls of revelation
 N - 3 scrolls of amnesia
 O - 3 scrolls of fog
 W - a scroll of vulnerability
Potions
 a - 4 potions of agility
 b - a potion of haste
 d - 3 potions of ambrosia
 g - 8 potions of curing
 l - a potion of brilliance
 m - 6 potions of flight
 n - 7 potions of might
 q - a potion of cancellation
 x - 6 potions of invisibility
 C - 3 potions of berserk rage
 I - 3 potions of lignification
 J - 2 potions of magic
 K - 3 potions of mutation
 Q - a potion of resistance
Miscellaneous
 i - a sack of spiders
 o - a sack of spiders
 F - a lamp of fire
 T - a phantom mirror
Comestibles
 e - 40 rations {!d}


   Skills:
 - Level 14.1(15.4) Fighting
 - Level 8.6(10.1) Short Blades
 - Level 9.9(11.5) Armour
 - Level 7.0(8.8) Dodging
   Level 3.0(4.4) Stealth
 + Level 13.3(14.6) Spellcasting
   Level 3.2(4.7) Charms
 - Level 18.3(19.4) Transmutations
 - Level 10.8(12.2) Poison Magic
 - Level 7.8(9.5) Evocations


You had 4 spell levels left.
You knew the following spells:

 Your Spells              Type           Power        Failure   Level  Hunger
a - Ignite Poison         Fire/Tmut/Pois #######.     1%          3    None
b - Poisonous Vapours     Pois/Air       ######       1%          2    None
c - Olgreb's Toxic Radia  Pois           ######...    1%          4    None
d - Sticks to Snakes      Tmut           #######.     0%          2    None
e - Sting                 Conj/Pois      ####         1%          1    None
f - Venom Bolt            Conj/Pois      ######....   22%         5    None
g - Passwall              Tmut/Erth      ######..     1%          2    None
i - Infestation           Hex/Tmut/Pois  ######...    21%         6    ###....
s - Irradiate             Conj/Tmut      ######....   4%          5    None
x - Summon Scorpions      Summ/Pois      ######..     8%          4    None
z - Petrify               Tmut/Erth      ######....   1%          4    None

Your spell library contained the following spells:

 Spells                   Type           Power        Failure   Level  Hunger
 Beastly Appendage        Tmut           ######       0%          1    None
 Spider Form              Tmut/Pois      ###          1%          3    None
 Ice Form                 Ice/Tmut       ######..     1%          4    None
 Magic Dart               Conj           ###.         10%         1    None
 Sandblast                Erth           ###...       10%         1    None
 Slow                     Hex            ###.....     10%         1    None
 Static Discharge         Air            ###...       10%         1    None
 Corpse Rot               Necr           N/A          16%         2    None
 Ensorcelled Hibernation  Hex/Ice        ###...       16%         2    None
 Searing Ray              Conj           ###.....     16%         2    None
 Sublimation of Blood     Necr           ###.......   16%         2    None
 Confuse                  Hex            ###.....     30%         3    None
 Dazzling Orbs            Conj/Hex       ###....      30%         3    None
 Iskenderun's Mystic Bla  Conj           ###.....     30%         3    None
 Stone Arrow              Conj/Erth      ###...       30%         3    None
 Tukima's Dance           Hex            ###.....     30%         3    None
 Agony                    Necr           ###.....     69%         4    None
 Cause Fear               Hex            ###.......   69%         4    None
 Fulminant Prism          Conj/Hex       ###.......   69%         4    None
 Lightning Bolt           Conj/Air       ###.....     69%         4    None
 Blade Hands              Tmut           #######...   1%          5    None
 Statue Form              Tmut/Erth      ######...    28%         6    ###....
 Bolt of Draining         Conj/Necr      ###.......   95%         5    None
 Bolt of Magma            Conj/Fire/Erth ####......   95%         5    None
 Lee's Rapid Deconstruct  Erth           ###.......   95%         5    None
 Metabolic Englaciation   Hex/Ice        ###.......   95%         5    None
 Summon Lightning Spire   Summ/Air       ###.....     95%         5    None
 Borgnjor's Vile Clutch   Necr/Erth      ###.......   100%        6    ###....
 Conjure Ball Lightning   Conj/Air       ###.......   100%        6    ###....
 Darkness                 Hex            ###.......   100%        6    ###....
 Iron Shot                Conj/Erth      ###.......   100%        6    ###....
 Discord                  Hex            ###.......   100%        7    #####..
 Mana Rupture             Conj/Hex       ###.......   100%        7    #####..
 Shadow Creatures         Summ           N/A          100%        7    #####..
 Chain Lightning          Conj/Air       ###.......   100%        8    ######.
 Time Stop                Chrm/Tloc      N/A          100%        8    ######.
 Shatter                  Erth           ###.......   100%        9    #######


Dungeon Overview and Level Annotations

Branches:
Dungeon (12/12)            Temple (0/1) D:6            Lair (6/6) D:8
 Shoals (0/3) Lair:2        Snake (3/3) Lair:4        Slime (0/5) Orc
    Orc (1/1) D:8             Elf (0/3) Lair:6       Vaults (0/3) D:11
 Depths (0/5) D:12

Altars:
Ashenzari
Cheibriados
Dithmenos
Gozag
Hepliaklqana
Lugonu
Okawaru
Trog
Uskayaw
Wu Jian
Yredelemnul
Zin
The Shining One
Jiyva

Shops:
D:4 ?   D:8 !   Orc [=[}

Portals:
Trove: D:8 (give horn of Geryon)

Annotations:
D:11 3 runed translucent doors, yrara's ghost, journeyman DsFi
D:12 2 transporters, polpettosauro's ghost, journeyman OgFE
Lair:3 2 transporters
Lair:6 1 runed door
Snake:1 3 runed translucent doors, exclusion: obsidian statue, zoran's ghost, adept HuAc


Innate Abilities, Weirdness & Mutations

You can't train low skills.
You expend magic power (3 MP) to strengthen your wands.


Message History

The redback closely misses you. You block the redback's attack.
The redback bites you.
* * * LOW HITPOINT WARNING * * *
Attempting to read a scroll while constricted might waste it - continue anyway?
You're unable to finish using the scroll due to being constricted!
You smell pepper.
You feel sick. You block the mana viper's attack. The mana viper bites you.
* * * LOW HITPOINT WARNING * * *
You feel your power leaking away.
The nagaraja casts a spell.
The nagaraja seems to speed up.
The naga ritualist is engulfed in blazing flames.
You kill the naga ritualist!
The mana viper disappears in a puff of smoke!
The redback disappears in a puff of smoke! x2
The tarantella disappears in a puff of smoke!
The mana viper disappears in a puff of smoke!
The redback disappears in a puff of smoke!
The naga sharpshooter shoots a bolt.
The bolt hits you!
You die...

, ,,##.['.#.##.....
#..... , ,
#..[N#.[##...., ,.#...
#...#)....##....,, .... ,
#...##(#...####... .
#...##.)##...## * .. ,
....##.[.###.[.### *...
....###..[[##§N§..##....
, ,
,...###...[).##°§§.......
*
,.##.......<.##@§)......
,* ,
#..........###§....... ,,
##......([[.##........
##.....[....###...... ,
##.....#...##......., *
#.....##..)#.......,
##....##...(....... ,
##....##..[....... , ,
##...###.[....... ,


You could see a nagaraja and a naga sharpshooter.

Vanquished Creatures
  6 nagarajas
  Kirke (D:11)
  The ghost of zoran the Agent of Entropy, a journeyman FoFi of Lugonu (Orc)
  Azrael (Snake:1)
  A fire dragon (Lair:6)
  2 ice dragons (D:12)
  2 hydras
  2 rakshasas
  13 naga warriors
  A great orb of eyes (D:10)
  Erica (Orc)
  10 anacondas
  2 ogre magi (D:10)
  7 two-headed ogres
  An alligator (Lair:6)
  Sonja (Lair:1)
  3 death yaks
  11 naga sharpshooters
  6 shock serpents
  Nergalle (Lair:1)
  4 centaur warriors
  7 salamander mystics
  A deep elf knight (D:12)
  An unseen horror (D:10)
  A swamp dragon (Lair:6)
  9 naga ritualists
  A lindwurm (Lair:6)
  An orc knight (Orc)
  3 necromancers
  A cyclops (D:11)
  7 mana vipers
  An orc sorcerer (Orc)
  An ugly thing (D:10)
  19 salamanders
  A manticore (Lair:6)
  4 oklob plants (Orc)
  6 guardian serpents
  4 merfolk sirens (Lair:2)
  15 naga magi
  28 black mambas
  3 elephants (Lair:6)
  2 gargoyles
  10 cane toads
  5 torpor snails (Lair:6)
  A yaktaur (D:11)
  A kobold demonologist (D:11)
  3 rime drakes
  An efreet (D:12)
  7 komodo dragons
  7 trolls
  3 eyes of draining
  A harpy zombie (D:11)
  A meliai (shapeshifter) (D:12)
  4 tyrant leeches (Lair:6)
  A polar bear (Lair:4)
  7 hornets
  17 dream sheep
  8 blink frogs
  Grum (D:8)
  A harpy skeleton (D:11)
  A slime creature (D:11)
  9 hippogriffs
  26 yaks
  A vampire (D:12)
  A wyvern (D:8)
  2 wraiths
  2 fire elementals (Snake:1)
  2 basilisks
  A hog (D:11)
  3 hungry ghosts
  3 steam dragons
  Edmund (D:4)
  38 nagas
  4 acid dragons
  14 crocodiles
  4 porcupines
  4 hell hounds (Snake:1)
  24 water moccasins
  5 ice beasts
  29 orc warriors
  6 sky beasts
  5 swamp drakes
  An elephant zombie (Lair:5)
  A black bear (D:8)
  A phantom (D:8)
  A necrophage (D:6)
  5 ogres
  14 wolves
  13 bullfrogs
  2 kobold brigands
  A gnoll sergeant (D:7)
  20 centaurs
  2 wyvern skeletons
  A water moccasin skeleton (D:9)
  8 scorpions
  10 killer bees
  3 electric eels (Lair:5)
  12 wights
  8 orc priests
  3 howler monkeys
  2 crimson imps
  2 bullfrog zombies
  2 basilisk zombies (Lair:5)
  6 jellies
  7 hounds
  A bullfrog skeleton (D:8)
  A gnoll shaman (D:5)
  A quasit (D:8)
  7 orc wizards
  Ijyb (D:4)
  Terence (D:2)
  2 iguanas
  8 worker ants
  A killer bee zombie (D:5)
  A crocodile zombie (Lair:5)
  Robin (D:4)
  A worker ant zombie (D:6)
  2 howler monkey skeletons (D:4)
  26 adders
  18 gnolls
  A shadow imp (D:6)
  A white imp (D:7)
  6 oozes
  An adder skeleton (D:9)
  10 worms
  3 dart slugs
  3 leopard geckos (D:3)
  47 orcs
  7 bats
  4 giant cockroaches
  7 hobgoblins
  4 jackals
  8 quokkas
  2 ball pythons
  A frilled lizard (D:2)
  14 goblins
  16 kobolds
  A quokka skeleton (D:4)
  6 rats
  A butterfly (Lair:6)
  2 fungi
  2 plants (Lair:6)
801 creatures vanquished.

Vanquished Creatures (collateral kills)
  A nagaraja (Snake:1)
  2 hydras
  Grinder (D:5)
  Eustachio (D:5)
  A yak (D:6)
  A water moccasin (D:8)
  3 crimson imps
  A shadow imp (D:6)
11 creatures vanquished.

Vanquished Creatures (others)
  Nessos (Orc)
  A tengu warrior (D:10)
  A shock serpent (Snake:1)
  A black mamba (Snake:1)
  A human (D:11)
  3 nagas (Snake:1)
  An orc warrior (Orc)
  A centaur (D:11)
  An orc (Orc)
  14 fungi
  30 plants
55 creatures vanquished.

Grand Total: 867 creatures vanquished

Notes
Turn   | Place    | Note
-------+----------+-------------------------------------------
     0 | D:1      | Grijm the High Elf Wanderer began the quest for the Orb.
     0 | D:1      | Grijm set off with the following items: a +0 dagger, a
                  | scroll of teleportation, a +0 robe, a ration {!d}; and the
                  | following spells available to memorise: Beastly Appendage,
                  | Sticks to Snakes, Sting, Passwall, Poisonous Vapours,
                  | Spider Form, Ignite Poison, Ice Form, Olgreb's Toxic
                  | Radiance, Summon Scorpions, Blade Hands, Venom Bolt
     0 | D:1      | Reached XP level 1. HP: 13/13 MP: 4/4
    78 | D:1      | Learned a level 1 spell: Sting
   111 | D:1      | Reached skill level 1 in Short Blades
   155 | D:1      | Reached skill level 1 in Fighting
   315 | D:1      | Reached XP level 2. HP: 16/21 MP: 0/6
   347 | D:1      | Learned a level 2 spell: Poisonous Vapours
  1111 | D:2      | Noticed a sky beast
  1123 | D:2      | Killed a sky beast
  1124 | D:2      | Reached XP level 3. HP: 26/26 MP: 6/8
  1124 | D:2      | Reached XP level 4. HP: 32/32 MP: 6/9
  1176 | D:2      | Noticed Terence
  1184 | D:2      | Killed Terence
  1185 | D:2      | Reached XP level 5. HP: 37/37 MP: 8/11
  1294 | D:2      | Learned a level 5 spell: Venom Bolt
  1578 | D:2      | Found a hazy altar of Hepliaklqana.
  1854 | D:2      | Learned a level 2 spell: Sticks to Snakes
  2721 | D:3      | Noticed a sky beast
  2757 | D:3      | Killed a sky beast
  2758 | D:3      | Reached skill level 3 in Transmutations
  2758 | D:3      | Reached XP level 6. HP: 38/44 MP: 13/13
  3594 | D:4      | Found Dacaetoi's Magic Scroll Shoppe.
  3599 | D:4      | Bought a scroll of identify for 24 gold pieces
  3599 | D:4      | Bought a scroll of identify for 24 gold pieces
  3599 | D:4      | Bought a scroll of identify for 24 gold pieces
  3599 | D:4      | Bought a scroll of enchant weapon for 90 gold pieces
  3615 | D:4      | Reached skill level 5 in Poison Magic
  3626 | D:4      | Learned a level 3 spell: Ignite Poison
  3675 | D:4      | Noticed Edmund
  3689 | D:4      | Killed Edmund
  3690 | D:4      | Reached XP level 7. HP: 51/51 MP: 14/14
  4099 | D:4      | Reached skill level 4 in Transmutations
  4131 | D:4      | Noticed Ijyb
  4133 | D:4      | Killed Ijyb
  4365 | D:4      | Reached skill level 5 in Spellcasting
  4365 | D:4      | Reached XP level 8. HP: 58/58 MP: 16/16
  4370 | D:4      | Learned a level 4 spell: Olgreb's Toxic Radiance
  4475 | D:4      | Noticed Robin
  4480 | D:4      | Killed Robin
  4825 | D:5      | Entered Level 5 of the Dungeon
  4864 | D:5      | Found a shattered altar of Ashenzari.
  4922 | D:5      | Became a worshipper of Ashenzari the Shackled
  4923 | D:5      | Found the cursed amulet of Vision {SInv *Curse}
  5205 | D:5      | Found a snail-covered altar of Cheibriados.
  5205 | D:5      | Found a glowing silver altar of Zin.
  5233 | D:5      | Found an ornate altar of the Wu Jian Council.
  5233 | D:5      | Found a basalt altar of Yredelemnul.
  5234 | D:5      | Found a glowing golden altar of the Shining One.
  5471 | D:5      | Found a shadowy altar of Dithmenos.
  5476 | D:5      | Noticed Grinder
  5477 | D:5      | Paralysed by Grinder for 3 turns
  5483 | D:5      | Killed Grinder
  5633 | D:5      | Noticed Eustachio
  5645 | D:5      | Killed Eustachio
  6179 | D:6      | Reached * piety under Ashenzari
  6377 | D:6      | Reached XP level 9. HP: 67/67 MP: 20/20
  6677 | D:6      | Learned a level 2 spell: Passwall
  6801 | D:6      | Reached skill level 5 in Fighting
  6971 | D:6      | Found a staircase to the Ecumenical Temple.
  7255 | D:7      | Learned a level 4 spell: Summon Scorpions
  7351 | D:7      | Identified the cursed amulet of Jitoi {Inacc rF+}
  7804 | D:7      | Reached XP level 10. HP: 71/79 MP: 20/23
  8374 | D:7      | Found an iron altar of Okawaru.
  8374 | D:7      | Found a corrupted altar of Lugonu.
  8396 | D:8      | Found a portal to a secret trove of treasure.
  8544 | D:8      | Noticed Grum
  8551 | D:8      | Killed Grum
  8637 | D:8      | Reached skill level 10 in Poison Magic
  8719 | D:8      | Found Tyomuuji's Distillery.
  9117 | D:8      | Found a staircase to the Lair.
  9337 | D:8      | Found a roughly hewn altar of Beogh.
  9337 | D:8      | Found a staircase to the Orcish Mines.
  9353 | D:8      | Reached skill level 5 in Short Blades
  9646 | Lair:1   | Entered Level 1 of the Lair of Beasts
  9653 | Lair:1   | Reached XP level 11. HP: 89/89 MP: 25/25
  9674 | Lair:1   | Noticed Sonja
  9678 | Lair:1   | Killed Sonja
  9700 | Lair:1   | Reached skill level 5 in Transmutations
 10024 | Lair:1   | Noticed Nergalle
 10030 | Lair:1   | Killed Nergalle
 11285 | Lair:2   | Found a staircase to the Shoals.
 11292 | Lair:2   | Reached XP level 12. HP: 95/95 MP: 12/26
 11636 | Lair:2   | Reached ** piety under Ashenzari
 12095 | Lair:2   | Reached skill level 10 in Spellcasting
 12213 | Lair:3   | Found a transporter.
 12298 | Lair:3   | Noticed a five-headed hydra
 12307 | Lair:3   | Reached skill level 10 in Fighting
 12311 | Lair:3   | Killed a five-headed hydra
 12552 | Lair:3   | Found a transporter.
 13188 | Lair:4   | Found a staircase to the Snake Pit.
 13425 | Lair:4   | Reached *** piety under Ashenzari
 13973 | Lair:5   | Noticed an eight-headed hydra
 13988 | Lair:5   | Killed an eight-headed hydra
 14063 | Lair:5   | Identified a scroll of acquirement
 14067 | Lair:5   | Identified the cursed amulet "Zoampizy" {Rage MR++} (You
                  | acquired it on level 5 of the Lair of Beasts)
 15147 | Lair:6   | Entered Level 6 of the Lair of Beasts
 15178 | Lair:6   | Noticed a seven-headed hydra
 15257 | Lair:6   | Noticed a death yak
 15257 | Lair:6   | Noticed a death yak
 15257 | Lair:6   | Noticed a death yak
 15274 | Lair:5   | Killed a death yak
 15275 | Lair:5   | Reached XP level 13. HP: 68/109 MP: 24/28
 15581 | Lair:6   | Reached skill level 6 in Transmutations
 15779 | Lair:6   | Found a runed door.
 15833 | Lair:6   | Reached skill level 7 in Transmutations
 15898 | Lair:6   | Identified the +2 long sword of Psychosis {freeze, MP+9}
 16507 | Lair:6   | Reached XP level 14. HP: 118/118 MP: 30/30
 16563 | Lair:6   | Found a staircase to the Elven Halls.
 16637 | Lair:6   | Got the uncursed leather armour "Wunnisy" {Slay+4 Stlth+}
 16648 | Lair:6   | Reached skill level 5 in Dodging
 16726 | Lair:6   | Reached skill level 5 in Evocations
 18517 | D:10     | Entered Level 10 of the Dungeon
 18517 | D:10     | Reached **** piety under Ashenzari
 18622 | D:10     | Identified the cursed ring of Ymilon {rPois rC+} (You
                  | acquired it on level 10 of the Dungeon)
 18631 | D:10     | Learned a level 6 spell: Infestation
 18638 | D:10     | Identified the cursed +1 rapier of Niqasch {vamp, rElec}
 18653 | D:10     | Reached XP level 15. HP: 63/124 MP: 7/31
 18766 | D:10     | Reached skill level 8 in Transmutations
 18963 | D:10     | Identified the +3 short sword of Painful Death {pierce,
                  | rPois}
 19215 | D:10     | Reached skill level 9 in Transmutations
 19716 | D:11     | Found a runed translucent gate.
 19716 | D:11     | Found a runed translucent gate.
 19716 | D:11     | Found a runed translucent gate.
 19726 | D:11     | Reached skill level 10 in Transmutations
 19861 | D:11     | Noticed yrara's ghost (journeyman DsFi)
 19900 | D:11     | Noticed Kirke
 19909 | D:11     | Killed Kirke
 20256 | D:11     | Reached skill level 11 in Transmutations
 20583 | D:11     | Found a gate to the Vaults.
 20747 | D:11     | Found a viscous altar of Jiyva.
 20831 | D:12     | Entered Level 12 of the Dungeon
 20876 | D:12     | Learned a level 4 spell: Petrify
 20941 | D:12     | Noticed polpettosauro's ghost (journeyman OgFE)
 20943 | D:12     | Identified the +6 great mace of Midsummer {drain, rC+}
 20943 | D:12     | Identified the +2 giant club of Causality {chaos, rF+ rC+}
 20943 | D:12     | Identified the cursed +1 rapier of Xom's Favour {antimagic,
                  | *Corrode Fragile +Fly rC+++}
 20944 | D:12     | Found a bloodstained altar of Trog.
 21000 | D:12     | Found a transporter.
 21004 | D:12     | Found a transporter.
 21171 | D:12     | Reached skill level 12 in Transmutations
 21212 | D:12     | Found a staircase to the Depths.
 21368 | D:12     | Found a hide-covered altar of Uskayaw.
 21858 | Orc      | Entered the Orcish Mines
 21858 | Orc      | Reached ***** piety under Ashenzari
 21860 | Orc      | Noticed Erica
 21868 | Orc      | Killed Erica
 21987 | Orc      | Noticed Nessos
 21992 | Orc      | Killed Nessos
 22173 | Orc      | Reached skill level 13 in Transmutations
 22243 | Orc      | Found a runed translucent door.
 22244 | Orc      | Noticed zoran's ghost (journeyman FoFi)
 22731 | Orc      | Found a viscous altar of Jiyva.
 22999 | Orc      | Found a staircase to the Slime Pits.
 23072 | Orc      | Found Onwury's Jewellery Boutique.
 23072 | Orc      | Found Sohal's Armour Emporium.
 23074 | Orc      | Found Nabliakod's Gadget Shoppe.
 23076 | Orc      | Found Odghut's Armour Shop.
 23081 | Orc      | Bought the +2 pair of gloves of the Okapi {+Inv rF+ Dex+4}
                  | for 570 gold pieces
 23104 | Orc      | Bought the +2 pair of boots of the Assassin {Detection
                  | Stab+ Stlth++} for 780 gold pieces
 23104 | Orc      | Found the +2 pair of boots of the Assassin {Detection Stab+
                  | Stlth++}
 23104 | Orc      | Bought the +0 buckler "Xuisedide" {rElec rC+} for 331 gold
                  | pieces
 23104 | Orc      | Bought a +2 helmet of see invisible for 279 gold pieces
 23140 | Orc      | Bought the ring "Keadonwo" {Fire MR+ Str+2 Dex-3} for 335
                  | gold pieces
 23268 | Orc      | Killed zoran's ghost
 23398 | Orc      | Identified the ring "Xym Hiex" {*Slow Int+3 Dex+7 Stlth--}
 23568 | Snake:1  | Entered Level 1 of the Snake Pit
 23568 | Snake:1  | Noticed a nagaraja
 24729 | Snake:1  | Killed a nagaraja
 24730 | Snake:1  | Reached skill level 5 in Armour
 25025 | Snake:1  | Noticed a nagaraja
 25204 | Snake:1  | Learned a level 5 spell: Irradiate
 25356 | Snake:1  | Killed a nagaraja
 25573 | Lair:4   | Reached XP level 16. HP: 114/131 MP: 10/33
 25718 | Snake:1  | Reduced skill Poison Magic to level 10
 25726 | Snake:1  | Reached skill level 14 in Transmutations
 26068 | Snake:1  | Noticed Azrael
 26078 | Snake:1  | Killed Azrael
 26605 | Snake:1  | Reached skill level 15 in Transmutations
 26990 | Snake:1  | Found a runed translucent gate.
 26990 | Snake:1  | Found an opulent altar of Gozag.
 26991 | Snake:1  | Found a runed translucent gate.
 26991 | Snake:1  | Found a runed translucent gate.
 26992 | Snake:1  | Noticed zoran's ghost (adept HuAc)
 27108 | Snake:2  | Found a shattered altar of Ashenzari.
 27403 | Snake:2  | Reached skill level 16 in Transmutations
 27693 | Snake:2  | Identified the ring "Vyirec" {+Fly rElec Str-2 Int+2}
 28274 | Snake:3  | Entered Level 3 of the Snake Pit
 28652 | Snake:3  | Reached skill level 17 in Transmutations
 29330 | Snake:3  | Reached skill level 18 in Transmutations
 29358 | Snake:3  | Reached XP level 17. HP: 92/137 MP: 20/34
 31104 | Snake:2  | Found a shattered altar of Ashenzari.
 31512 | Snake:3  | HP: 5/139 [redback[a naga ritualist] (11)]
 31515 | Snake:3  | Shot with a bolt by a naga sharpshooter

Skill      XL: |  1  2  3  4  5  6  7  8  9 10 11 12 13 14 15 16 17 |
---------------+----------------------------------------------------+-----
Short Blades   | 1 2 4 5 8 |  8.6
Fighting       | 1 2 3 4 7 9 12 13 14 | 14.1
Poison Magic   | 4 5 6 8 11 13 14 11 10 | 10.8
Spellcasting   | 3 4 5 6 8 9 10 11 12 13 | 13.3
Stealth        | 3 |  3.0
Transmutations | 3 4 5 7 13 18 | 18.3
Dodging        | 4 7 |  7.0
Evocations     | 4 7 |  7.8
Armour         | 8 9 |  9.9
Charms         | |  3.2

Action                   |  1- 3 |  4- 6 |  7- 9 | 10-12 | 13-15 | 16-18 || total
-------------------------+-------+-------+-------+-------+-------+-------++-------
Melee: Dagger            |    31 |    34 |    61 |   118 |   188 |   470 ||   902
Throw: Stone             |     9 |     3 |       |       |       |       ||    12
       Javelin           |       |     2 |     4 |       |       |       ||     6
       Tomahawk          |       |       |       |    64 |    60 |    21 ||   145
 Cast: Sting             |    34 |    15 |       |       |       |       ||    49
       Poisonous Vapours |     9 |   106 |   100 |   159 |   300 |    62 ||   736
       Ignite Poison     |       |       |    55 |   144 |   242 |    50 ||   491
       Sticks to Snakes  |       |       |    12 |    23 |    18 |       ||    53
       Olgreb's Toxic Ra |       |       |    13 |    47 |    38 |     3 ||   101
       Petrify           |       |       |       |       |    26 |   226 ||   252
       Summon Scorpions  |       |       |       |       |    17 |     6 ||    23
       Irradiate         |       |       |       |       |       |     7 ||     7
Invok: Curse Item        |       |       |     2 |     2 |     1 |     2 ||     7
       Scrying           |       |       |       |     1 |       |       ||     1
       Transfer Knowledg |       |       |       |       |     1 |       ||     1
       End Transfer Know |       |       |       |       |       |     1 ||     1
Evoke: Wand              |       |       |       |       |     8 |     2 ||    10
  Use: Scroll            |     4 |     3 |     8 |    14 |    14 |     6 ||    49
       Potion            |       |       |       |       |     2 |     7 ||     9
 Stab: Sleeping          |     1 |       |       |     1 |     4 |     1 ||     7
       Distracted        |       |       |       |     2 |       |       ||     2
       Petrified         |       |       |       |       |    12 |   156 ||   168
       Petrifying        |       |       |       |       |     6 |    66 ||    72
  Eat: Chunk             |     3 |    11 |    21 |    33 |    42 |     8 ||   118
       Ration            |       |       |       |       |     2 |     7 ||     9
Armor: Robe              |    13 |    12 |       |       |       |       ||    25
       Leather armour    |       |     8 |    31 |    61 |    81 |   114 ||   295
Dodge: Dodged            |    32 |    30 |    42 |    96 |   203 |   356 ||   759
Block: Buckler           |       |       |       |    30 |   148 |   218 ||   396
       Reflection        |       |       |       |       |    23 |    46 ||    69
